TOP OF THE 1ST |
Wichita Wranglers batting - Pitching for West Palm Reds : LHP Octávio Ramírez
|
Pitching: LHP Octávio Ramírez
|
|
Batting: RHB Cho-yun Qiao
|
0-0: Called Strike 0-1: Foul Ball, location: 2F 0-2: Ball 1-2: Strikes out looking
|
Batting: RHB Anthony Rucker
|
0-0: Called Strike 0-1: Ball 1-1: Ball 2-1: Called Strike 2-2: Foul Ball, location: 2F 2-2: SINGLE (Groundball, 6)
|
Batting: RHB Bob Hall
|
0-0: Fly out, F7 (Flyball, 78XD)
|
Batting: RHB George Clark
|
0-0: Called Strike 0-1: Foul Ball, location: 2F 0-2: Strikes out looking
|
Top of the 1st over - 0 run(s), 1 hit(s), 0 error(s), 1 left on base; Wichita 0 - West Palm 0 |
BOTTOM OF THE 1ST |
West Palm Reds batting - Pitching for Wichita Wranglers : RHP Clark Edwards
|
Pitching: RHP Clark Edwards
|
|
Batting: RHB Lorenzo Guzmán
|
0-0: Ball 1-0: Swinging Strike 1-1: Fly out, F5 (Line Drive, 5)
|
Batting: RHB Juan Vareas
|
0-0: Fly out, F8 (Flyball, 8LS)
|
Batting: LHB Enrique Cortéz
|
0-0: Called Strike 0-1: Ground out 4-3 (Groundball, 4)
|
Bottom of the 1st over - 0 run(s), 0 hit(s), 0 error(s), 0 left on base; Wichita 0 - West Palm 0 |
TOP OF THE 2ND |
Wichita Wranglers batting - Pitching for West Palm Reds : LHP Octávio Ramírez
|
Batting: RHB Luis Sánchez
|
0-0: Called Strike 0-1: Foul Ball, location: 2F 0-2: Ball 1-2: Foul Ball, location: 2F 1-2: Foul Ball, location: 2F 1-2: Strikes out swinging
|
Batting: RHB Kyle Nelson
|
0-0: Ball 1-0: Ground out 5-3 (Groundball, 5)
|
Batting: RHB Don Thomas
|
0-0: Ball 1-0: Foul Ball, location: 2F 1-1: Fly out, F9 (Flyball, 89S)
|
Top of the 2nd over - 0 run(s), 0 hit(s), 0 error(s), 0 left on base; Wichita 0 - West Palm 0 |
BOTTOM OF THE 2ND |
West Palm Reds batting - Pitching for Wichita Wranglers : RHP Clark Edwards
|
Batting: LHB Jeff McKinney
|
0-0: Ball 1-0: Ball 2-0: Ball 3-0: Base on Balls
|
Batting: SHB Todd Smith
|
0-0: Foul Ball, location: 2F 0-1: Ball 1-1: Fielders Choice at 2nd, 3-6 (Groundball, 34)
|
Batting: RHB Jack Ray
|
0-0: Called Strike 0-1: Ball 1-1: Ball 2-1: Ball 3-1: Ground out U3 (Groundball, 3S) Todd Smith to second
|
Batting: LHB Jeff Doss
|
0-0: Foul Ball, location: 2F 0-1: Called Strike 0-2: Foul Ball, location: 2F 0-2: SINGLE (Flyball, 7LS) Todd Smith to third Runner from 3rd tries for Home, SAFE, no throw or cutoff
|
Batting: LHB Bob Martin
|
0-0: Ball 1-0: Foul Ball, location: 2F 1-1: Fly out, F8 (Flyball, 8RD)
|
Bottom of the 2nd over - 1 run(s), 1 hit(s), 0 error(s), 1 left on base; Wichita 0 - West Palm 1 |
TOP OF THE 3RD |
Wichita Wranglers batting - Pitching for West Palm Reds : LHP Octávio Ramírez
|
Batting: LHB Mario Cornelo
|
0-0: SINGLE (Groundball, 4MD)
|
Batting: RHB Jim Beck
|
0-0: Ball 1-0: Foul Ball, location: 2F 1-1: Ball 2-1: Grounds into double play, 6-4-3 (Groundball, 6)
|
Batting: RHB Cho-yun Qiao
|
0-0: Called Strike 0-1: Called Strike 0-2: Ball 1-2: Foul Ball, location: 2F 1-2: Strikes out swinging
|
Top of the 3rd over - 0 run(s), 1 hit(s), 0 error(s), 0 left on base; Wichita 0 - West Palm 1 |
BOTTOM OF THE 3RD |
West Palm Reds batting - Pitching for Wichita Wranglers : RHP Clark Edwards
|
Batting: SHB Alex Hayes
|
0-0: Ball 1-0: Foul Ball, location: 2F 1-1: Ball 2-1: Ground out 4-3 (Groundball, 4)
|
Batting: RHB Lorenzo Guzmán
|
0-0: Ground out 4-3 (Groundball, 4)
|
Batting: RHB Juan Vareas
|
0-0: Called Strike 0-1: Ball 1-1: SINGLE (Groundball, 56)
|
Batting: LHB Enrique Cortéz
|
0-0: Called Strike 0-1: Fielders Choice at 2nd, U6 (Groundball, 6M)
|
Bottom of the 3rd over - 0 run(s), 1 hit(s), 0 error(s), 1 left on base; Wichita 0 - West Palm 1 |
TOP OF THE 4TH |
Wichita Wranglers batting - Pitching for West Palm Reds : LHP Octávio Ramírez
|
Batting: RHB Anthony Rucker
|
0-0: Called Strike 0-1: Called Strike 0-2: Foul Ball, location: 2F 0-2: Ball 1-2: Fly out, F5 (Popup, 5SF)
|
Batting: RHB Bob Hall
|
0-0: Ball 1-0: Ball 2-0: Ball 3-0: Base on Balls
|
Batting: RHB George Clark
|
0-0: Ball 1-0: Foul Ball, location: 2F 1-1: Ball 2-1: Ball 3-1: Foul Ball, location: 2F 3-2: Foul Ball, location: 2F 3-2: Base on Balls Bob Hall to second
|
Batting: RHB Luis Sánchez
|
0-0: Reached on error, E1 (Groundball, 13S) Bob Hall to third George Clark to second
|
Batting: RHB Kyle Nelson
|
0-0: Called Strike 0-1: Foul Ball, location: 2F 0-2: Ball 1-2: Ball 2-2: Foul Ball, location: 2F 2-2: Foul Ball, location: 2F 2-2: Foul Ball, location: 2F 2-2: Foul Ball, location: 2F 2-2: Fly out, F9 (Flyball, 9M) Runner from 3rd tags up, SCORES, throw made
|
Batting: RHB Don Thomas
|
0-0: Foul Ball, location: 2F 0-1: Fly out, F9 (Popup, 4D)
|
Top of the 4th over - 1 run(s), 0 hit(s), 1 error(s), 2 left on base; Wichita 1 - West Palm 1 |
BOTTOM OF THE 4TH |
West Palm Reds batting - Pitching for Wichita Wranglers : RHP Clark Edwards
|
Batting: LHB Jeff McKinney
|
0-0: Ball 1-0: Swinging Strike 1-1: Ground out 1-3 (Groundball, 15S)
|
Batting: SHB Todd Smith
|
0-0: Ball 1-0: Foul Ball, location: 2F 1-1: Ground out 4-3 (Groundball, 4)
|
Batting: RHB Jack Ray
|
0-0: Called Strike 0-1: Foul Ball, location: 2F 0-2: Foul Ball, location: 2F 0-2: Ball 1-2: Hit by Pitch
|
Batting: LHB Jeff Doss
|
0-0: Called Strike 0-1: Ball 1-1: Ball 2-1: Ball 3-1: Ground out U3 (Groundball, 3S)
|
Bottom of the 4th over - 0 run(s), 0 hit(s), 0 error(s), 1 left on base; Wichita 1 - West Palm 1 |
TOP OF THE 5TH |
Wichita Wranglers batting - Pitching for West Palm Reds : LHP Octávio Ramírez
|
Batting: LHB Mario Cornelo
|
0-0: Called Strike 0-1: Swinging Strike 0-2: Strikes out swinging
|
Batting: RHB Jim Beck
|
0-0: Foul Ball, location: 2F 0-1: Ball 1-1: Swinging Strike 1-2: Ball 2-2: Foul Ball, location: 2F 2-2: SINGLE (Groundball, 5L)
|
Batting: RHB Cho-yun Qiao
|
0-0: Ball 1-0: Called Strike 1-1: Foul Ball, location: 2F 1-2: Ball 2-2: Ball 3-2: Grounds into double play, U6-3 (Groundball, 6)
|
Top of the 5th over - 0 run(s), 1 hit(s), 0 error(s), 0 left on base; Wichita 1 - West Palm 1 |
BOTTOM OF THE 5TH |
West Palm Reds batting - Pitching for Wichita Wranglers : RHP Clark Edwards
|
Batting: LHB Bob Martin
|
0-0: Ball 1-0: Swinging Strike 1-1: Ball 2-1: Fly out, F8 (Flyball, 8LS)
|
Batting: SHB Alex Hayes
|
0-0: Ground out 6-3 (Groundball, 6)
|
Batting: RHB Lorenzo Guzmán
|
0-0: Ball 1-0: Ball 2-0: Foul Ball, location: 2F 2-1: Ball 3-1: Foul Ball, location: 2F 3-2: Foul Ball, location: 2F 3-2: Foul Ball, location: 2F 3-2: Fly out, F7 (Flyball, 78S)
|
Bottom of the 5th over - 0 run(s), 0 hit(s), 0 error(s), 0 left on base; Wichita 1 - West Palm 1 |
TOP OF THE 6TH |
Wichita Wranglers batting - Pitching for West Palm Reds : LHP Octávio Ramírez
|
Batting: RHB Anthony Rucker
|
0-0: Called Strike 0-1: Ball 1-1: Bunted foul 1-2: Foul Ball, location: 2F 1-2: Ground out U3 (Groundball, 3S)
|
Batting: RHB Bob Hall
|
0-0: Called Strike 0-1: Swinging Strike 0-2: Foul Ball, location: 2F 0-2: Ball 1-2: Strikes out looking
|
Batting: RHB George Clark
|
0-0: Reached on Error, E6 (Popup, 6MD)
|
Batting: RHB Luis Sánchez
|
Pickoff Throw to First - Out!
|
Top of the 6th over - 0 run(s), 0 hit(s), 1 error(s), 0 left on base; Wichita 1 - West Palm 1 |
BOTTOM OF THE 6TH |
West Palm Reds batting - Pitching for Wichita Wranglers : RHP Clark Edwards
|
Batting: RHB Juan Vareas
|
0-0: Ball 1-0: Called Strike 1-1: Swinging Strike 1-2: Strikes out looking
|
Batting: LHB Enrique Cortéz
|
0-0: Called Strike 0-1: Called Strike 0-2: Foul Ball, location: 2F 0-2: SINGLE (Flyball, 7LS)
|
Batting: LHB Jeff McKinney
|
0-0: Swinging Strike 0-1: Ball 1-1: Called Strike 1-2: Grounds into double play, 6-4-3 (Groundball, 6M)
|
Bottom of the 6th over - 0 run(s), 1 hit(s), 0 error(s), 0 left on base; Wichita 1 - West Palm 1 |
TOP OF THE 7TH |
Wichita Wranglers batting - Pitching for West Palm Reds : LHP Octávio Ramírez
|
Batting: RHB Luis Sánchez
|
0-0: Ball 1-0: Called Strike 1-1: Called Strike 1-2: Ball 2-2: Foul Ball, location: 2F 2-2: SINGLE (Groundball, 6)
|
Pitching: RHP Carlos Gonzáles
|
|
Batting: RHB Kyle Nelson
|
0-0: Sac Bunt - play at first, batter OUT! 1-4 Luis Sánchez to second
|
Batting: RHB Don Thomas
|
0-0: 2-RUN HOME RUN (Line Drive, 7D), Distance : 409 ft
|
Batting: LHB Mario Cornelo
|
0-0: Ball 1-0: Ball 2-0: Ball 3-0: Base on Balls
|
Batting: RHB Jim Beck
|
0-0: Ball 1-0: SINGLE (Groundball, 5L) Mario Cornelo to second
|
Batting: RHB Cho-yun Qiao
|
0-0: Ball 1-0: Ball 2-0: Ball 3-0: Called Strike 3-1: Grounds into double play, 6-4-3 (Groundball, 6M)
|
Top of the 7th over - 2 run(s), 3 hit(s), 0 error(s), 1 left on base; Wichita 3 - West Palm 1 |
BOTTOM OF THE 7TH |
West Palm Reds batting - Pitching for Wichita Wranglers : RHP Clark Edwards
|
Batting: SHB Todd Smith
|
0-0: Called Strike 0-1: Called Strike 0-2: Ground out 1-3 (Groundball, 13S)
|
Batting: RHB Jack Ray
|
0-0: Ball 1-0: Reached on error, E5 (Groundball, 5L)
|
Pinch Runner at 1st Jermaine Carter:
|
|
Batting: LHB Jeff Doss
|
0-0: Ball 1-0: Ball 2-0: Foul Ball, location: 2F 2-1: Ball 3-1: Foul Ball, location: 2F 3-2: DOUBLE (Line Drive, 7LS) Jermaine Carter to third Runner from 3rd tries for Home, SAFE, no throw or cutoff
|
Batting: LHB Bob Martin
|
0-0: Called Strike Jeff Doss steals 3rd base 0-1: Foul Ball, location: 2F 0-2: Foul Ball, location: 2F 0-2: Foul Ball, location: 2F 0-2: Ball 1-2: DOUBLE (Line Drive, 3L) Jeff Doss scores
|
Batting: SHB Alex Hayes
|
0-0: Fly out, F9 (Flyball, 9D) Runner from 2nd tags up, SAFE at 3rd, no throw
|
Batting: RHB Lorenzo Guzmán
|
0-0: Called Strike 0-1: Called Strike 0-2: Foul Ball, location: 2F 0-2: Ball 1-2: Ball 2-2: Foul Ball, location: 2F 2-2: Ball 3-2: SINGLE (Groundball, 6MD) Bob Martin scores
|
Pitching: LHP Tommy Campbell
|
|
Batting: RHB Juan Vareas
|
0-0: Ball 1-0: Ball 2-0: Ball 3-0: Base on Balls Lorenzo Guzmán to second
|
Pinch Hitting: RHB Juan López
|
|
Pitching: RHP Tom Long
|
0-0: Foul Ball, location: 2F 0-1: Ball 1-1: Ball 2-1: Called Strike 2-2: Ball 3-2: SINGLE (Groundball, 56D) Lorenzo Guzmán to third Juan Vareas to second Lorenzo Guzmán scores Juan Vareas to third
|
Pitching: LHP Carlos Aguilar
|
|
Batting: LHB Jeff McKinney
|
0-0: Fly out, F7 (Flyball, 78M)
|
Bottom of the 7th over - 4 run(s), 4 hit(s), 1 error(s), 2 left on base; Wichita 3 - West Palm 5 |
TOP OF THE 8TH |
Wichita Wranglers batting - Pitching for West Palm Reds : RHP Carlos Gonzáles
|
Now at 2B: Félix García
|
|
Now in RF: Juan López
|
|
Batting: RHB Anthony Rucker
|
0-0: Ball 1-0: SINGLE (Groundball, 34D)
|
Pitching: RHP Butch Ramey
|
|
Batting: RHB Bob Hall
|
0-0: Fly out, F9 (Flyball, 89M)
|
Batting: RHB George Clark
|
0-0: Ball 1-0: Fly out, F8 (Flyball, 78XD)
|
Batting: RHB Luis Sánchez
|
0-0: Foul Ball, location: 2F 0-1: Ball 1-1: Ball 2-1: SINGLE (Groundball, 6MD) Anthony Rucker to second Runner from 2nd tries for 3rd, SAFE, no throw or cutoff
|
Pinch Hitting: RHB Jesús Ibarra
|
0-0: Ball 1-0: Swinging Strike 1-1: Ball 2-1: Foul Ball, location: 2F 2-2: Strikes out swinging
|
Top of the 8th over - 0 run(s), 2 hit(s), 0 error(s), 2 left on base; Wichita 3 - West Palm 5 |
BOTTOM OF THE 8TH |
West Palm Reds batting - Pitching for Wichita Wranglers : LHP Carlos Aguilar
|
Now at 3B: Javier Coronado
|
|
Batting: SHB Todd Smith
|
0-0: Called Strike 0-1: Ball 1-1: Ground out 5-3 (Groundball, 5)
|
Batting: RHB Félix García
|
0-0: Ball 1-0: Ball 2-0: Fly out, F3 (Popup, 3SF)
|
Batting: LHB Jeff Doss
|
0-0: Ball 1-0: Ground out 2-3 (Groundball, 23)
|
Bottom of the 8th over - 0 run(s), 0 hit(s), 0 error(s), 0 left on base; Wichita 3 - West Palm 5 |
TOP OF THE 9TH |
Wichita Wranglers batting - Pitching for West Palm Reds : RHP Butch Ramey
|
Pitching: RHP Kei Hashimoto
|
|
Batting: RHB Don Thomas
|
0-0: Foul Ball, location: 2F 0-1: Ball 1-1: Swinging Strike 1-2: Foul Ball, location: 2F 1-2: Strikes out swinging
|
Batting: LHB Mario Cornelo
|
0-0: Swinging Strike 0-1: Foul Ball, location: 2F 0-2: Strikes out swinging
|
Batting: RHB Jim Beck
|
0-0: Called Strike 0-1: Swinging Strike 0-2: SINGLE (Groundball, 4MD)
|
Pinch Hitting: LHB Tom Robinson
|
0-0: Called Strike 0-1: Called Strike 0-2: Ball 1-2: Strikes out looking
|
Top of the 9th over - 0 run(s), 1 hit(s), 0 error(s), 1 left on base; Wichita 3 - West Palm 5 |
|